Wild vs Blackhawks
Created - 12 janvier 2014 at 09:53
Goals
|
| Wild |
0 |
0 |
2 |
2 |
| Blackhawks |
0 |
3 |
0 |
3 |
|
Shots
|
| Wild |
6 |
5 |
7 |
18 |
| Blackhawks |
8 |
13 |
8 |
29 |
|
1st period
No Goal
Penalties :
Mark Eaton (Min) for Hooking (Minor) at 2:00
2nd period
1. Blackhawks , Kris Versteeg 24 (Joe Sakic, Stephane Robidas) at 6:57
2. Blackhawks , Joe Sakic 24 (Kris Versteeg, Stephane Robidas) at 13:35 (PP)
3. Blackhawks , Kris Versteeg 25 (Stephane Robidas, Kristopher Letang) at 13:51 (PP)
Penalties :
Stephane Robidas (Chi) for Hooking (Minor) at 1:22, R.J. Umberger (Min) for Unsportsmanlike conduct (Major / Game Misconduct) at 13:19, Nathan Dempsey (Min) for Interference (Minor) at 18:49, Christian Ehrhoff (Chi) for Slashing (Double Minor) at 18:58
3rd period
4. Wild , Glen Metropolit 11 (Fredrik Modin) at 4:42
5. Wild , Alexei Kovalev 21 (Chris Drury, Glen Metropolit) at 8:13
Penalties :
Joe Sakic (Chi) for Holding (Minor) at 11:28
Goalie Stats
Martin Brodeur (Min), 26 saves from 29 shots - (0,897), L, 17-14-0, 59:49 minutes
Roberto Luongo (Chi), 16 saves from 18 shots - (0,889), W, 18-12-3, 60:00 minutes
Players Stats for Wild
Player Name G A P +/- PIM S H SB GA TA FO MP PP MP PK MP
------------------------------------------------------------------------------------
Alexei Kovalev 1 0 1 1 0 1 2 0 0 0 0/1 16:47 3:18 0:00
Anson Carter 0 0 0 0 0 0 2 0 1 2 1/1 17:22 2:43 0:00
Brian Rolston 0 0 0 0 0 1 3 0 1 0 0/0 12:25 0:06 1:59
Chris Drury 0 1 1 0 0 3 2 0 0 0 12/23 21:26 3:08 1:44
Chris Higgins 0 0 0 0 0 1 2 0 0 0 0/0 16:35 1:31 3:17
Fedor Tyutin 0 0 0 1 0 0 1 2 0 1 0/0 19:03 2:27 1:39
Fredrik Modin 0 1 1 1 0 1 0 0 0 0 0/1 12:53 0:47 1:37
Glen Metropolit 1 1 2 1 0 1 2 0 0 0 1/3 10:37 0:18 2:05
Jonathan Rheault 0 0 0 1 0 0 0 0 0 0 0/0 8:13 0:00 0:00
Jozef Stumpel 0 0 0 0 0 1 0 0 1 0 0/0 15:08 2:41 0:14
Mark Eaton 0 0 0 1 2 0 0 0 1 0 0/0 17:42 0:00 2:24
Mike Green 0 0 0 0 0 4 2 1 0 1 0/0 24:21 3:40 0:55
Nathan Dempsey 0 0 0 0 2 0 2 1 2 0 0/0 24:00 3:40 2:25
Niclas Wallin 0 0 0 0 0 0 0 2 0 0 0/0 17:55 0:00 3:38
R.J. Umberger 0 0 0 -1 15 0 0 2 0 0 0/0 10:22 1:08 0:00
Rod Brind'Amour 0 0 0 0 0 1 0 0 0 0 7/15 13:30 0:00 3:18
Shane Hnidy 0 0 0 0 0 2 2 1 0 0 0/0 17:48 2:45 3:13
Vaclav Prospal 0 0 0 0 0 2 4 0 0 0 3/5 14:53 2:23 0:00
Players Stats for Blackhawks
Player Name G A P +/- PIM S H SB GA TA FO MP PP MP PK MP
------------------------------------------------------------------------------------
Brad Ference 0 0 0 0 0 3 2 1 0 2 0/0 19:15 1:03 3:02
Brendon Nash 0 0 0 0 0 1 0 3 0 0 0/0 14:24 0:03 0:00
Chris Gratton 0 0 0 0 0 2 1 0 0 0 4/6 10:43 0:00 3:18
Christian Ehrhoff 0 0 0 -1 4 0 2 1 0 0 0/0 19:16 2:45 1:59
Colby Armstrong 0 0 0 0 0 4 5 0 0 1 2/2 15:03 1:06 3:18
Daniel Carcillo 0 0 0 0 0 1 2 0 1 2 2/2 10:17 0:26 1:03
George Parros 0 0 0 0 0 1 1 0 0 0 1/1 14:58 0:56 1:43
Hnat Domenichelli 0 0 0 0 0 1 0 0 0 0 0/0 10:32 0:00 0:00
Joe Sakic 1 1 2 -1 2 1 1 0 0 0 10/25 19:41 3:28 0:00
Jordan Staal 0 0 0 0 0 0 1 0 0 0 1/2 12:24 1:00 1:43
Kris Versteeg 2 1 3 -1 0 4 1 2 1 0 0/4 19:41 3:29 0:00
Kristopher Letang 0 1 1 0 0 2 1 1 0 0 0/0 22:59 3:42 2:46
Loui Eriksson 0 0 0 0 0 0 0 0 0 0 0/0 15:15 2:29 1:03
Rene Bourque 0 0 0 -1 0 1 1 0 0 0 0/0 19:00 3:29 0:03
Scott Gomez 0 0 0 0 0 1 1 0 0 0 5/7 14:46 2:29 0:03
Sergei Shirokov 0 0 0 0 0 3 0 0 2 0 0/0 9:30 2:29 0:00
Stephane Robidas 0 3 3 -1 2 1 1 2 0 0 0/0 21:35 3:54 0:35
Steve McCarthy 0 0 0 0 0 3 0 1 0 1 0/0 22:41 2:46 3:52
3 Stars
1 - Kris Versteeg (Chi)
2 - Glen Metropolit (Min)
3 - Alexei Kovalev (Min)
Power Play
Wild - 0 on 4 Attempt(s) - 0,00%
Blackhawks - 2 on 3 Attempt(s) - 66,67%
Penalty Kill
Wild - 1 on 3 Attempt(s) - 33,33%
- Score 0 goal in Penalty Kill
Blackhawks - 4 on 4 Attempt(s) - 100,00%
- Score 0 goal in Penalty Kill
Official
Referees : Furlatt Eric and Pollock Kevin
Linesman : Michel Cormier and Steve Barton
Game Notes
R.J. Umberger ejected from game at 13:19 of 2nd period
Finance
Level 1 -- Attendance: 5788 (96,47%) -- Ticket Income 509 344 $
Level 2 -- Attendance: 3732 (74,64%) -- Ticket Income 197 796 $
Level 3 -- Attendance: 1380 (69,00%) -- Ticket Income 46 920 $
Level 4 -- Attendance: 3445 (86,13%) -- Ticket Income 65 455 $
Luxury Box -- Attendance: 797 (79,70%) -- Ticket Income 139 475 $
Game was played at the Chicago Stadium
Total Attendance: 15142 (84,12%)
Total Ticket Income: 958 990 $
Other Income: 143 848 $
Total Income: 1 102 838 $
Wild
5 vs 5 Forward
Center Left Wing Right Wing Time % Phy DF OF
1 Chris Drury R.J. Umberger Anson Carter 40 0 1 4
2 Vaclav Prospal Jozef Stumpel Alexei Kovalev 30 0 1 4
3 Rod Brind'Amour Chris Higgins Brian Rolston 20 1 1 3
4 Glen Metropolit Fredrik Modin Jonathan Rheault 10 2 1 2
5 vs 5 Defense
Defense Defense Time % Phy DF OF
1 Mike Green Nathan Dempsey 40 1 3 1
2 Fedor Tyutin Mark Eaton 30 1 3 1
3 Niclas Wallin Shane Hnidy 20 1 3 1
4 Mike Green Nathan Dempsey 10 1 3 1
PowerPlay Forward
Center Left Wing Right Wing Time % Phy DF OF
1 Chris Drury R.J. Umberger Alexei Kovalev 60 0 0 5
2 Vaclav Prospal Jozef Stumpel Anson Carter 40 0 0 5
PowerPlay Defense
Defense Defense Time % Phy DF OF
1 Mike Green Nathan Dempsey 60 0 2 3
2 Fedor Tyutin Shane Hnidy 40 0 2 3
Penalty Kill 4 Players Forward
Center Wing Time % Phy DF OF
1 Rod Brind'Amour Chris Higgins 60 1 3 1
2 Glen Metropolit Brian Rolston 40 1 3 1
Penalty Kill 4 Players Defense
Defense Defense Time % Phy DF OF
1 Niclas Wallin Mark Eaton 60 2 3 0
2 Nathan Dempsey Shane Hnidy 40 2 3 0
Penalty Kill - 3 Players Forward
Forward Time % Phy DF OF
1 Rod Brind'Amour 60 1 4 0
2 Glen Metropolit 40 1 4 0
Penalty Kill - 3 Players Defense
Defense Defense Time % Phy DF OF
1 Niclas Wallin Mark Eaton 60 2 3 0
2 Shane Hnidy Nathan Dempsey 40 2 3 0
4 vs 4 Forward
Center Wing Time % Phy DF OF
1 Chris Drury Vaclav Prospal 60 1 1 3
2 Alexei Kovalev R.J. Umberger 40 1 1 3
4 vs 4 Defense
Defense Defense Time % Phy DF OF
1 Mike Green Nathan Dempsey 60 1 3 1
2 Fedor Tyutin Niclas Wallin 40 1 3 1
Last Minutes Offensive
Center Left Wing Right Wing Defense Defense
Chris Drury R.J. Umberger Alexei Kovalev Mike Green Nathan Dempsey
Last Minutes Defensive
Center Left Wing Right Wing Defense Defense
Rod Brind'Amour Glen Metropolit Brian Rolston Mark Eaton Niclas Wallin
Goaltenders
Starting : Martin Brodeur
Backup : Julien Ellis
Extra Forwards
Normal : Chris Drury, Alexei Kovalev, Jozef Stumpel - PP : Chris Drury, Alexei Kovalev - PK : Rod Brind'Amour
Extra Defensemen
Normal : Niclas Wallin, Shane Hnidy, Fedor Tyutin - PP : Niclas Wallin - PK : Shane Hnidy, Fedor Tyutin
Penalty Shots
Chris Drury, Vaclav Prospal, Alexei Kovalev, R.J. Umberger, Chris Higgins
Blackhawks
5 vs 5 Forward
Center Left Wing Right Wing Time % Phy DF OF
1 Joe Sakic Kris Versteeg Rene Bourque 40 1 2 2
2 Scott Gomez Loui Eriksson George Parros 30 1 2 2
3 Jordan Staal Hnat Domenichelli Colby Armstrong 20 1 2 2
4 Chris Gratton Daniel Carcillo Sergei Shirokov 10 1 2 2
5 vs 5 Defense
Defense Defense Time % Phy DF OF
1 Stephane Robidas Steve McCarthy 40 1 2 2
2 Christian Ehrhoff Kristopher Letang 30 1 2 2
3 Brad Ference Brendon Nash 20 1 2 2
4 Stephane Robidas Steve McCarthy 10 1 2 2
PowerPlay Forward
Center Left Wing Right Wing Time % Phy DF OF
1 Joe Sakic Kris Versteeg Rene Bourque 60 1 0 4
2 Scott Gomez Loui Eriksson Sergei Shirokov 40 1 0 4
PowerPlay Defense
Defense Defense Time % Phy DF OF
1 Stephane Robidas Kristopher Letang 60 1 1 3
2 Christian Ehrhoff Steve McCarthy 40 1 1 3
Penalty Kill 4 Players Forward
Center Wing Time % Phy DF OF
1 Chris Gratton Colby Armstrong 60 1 4 0
2 Jordan Staal George Parros 40 1 4 0
Penalty Kill 4 Players Defense
Defense Defense Time % Phy DF OF
1 Brad Ference Steve McCarthy 60 1 4 0
2 Christian Ehrhoff Kristopher Letang 40 1 4 0
Penalty Kill - 3 Players Forward
Forward Time % Phy DF OF
1 Joe Sakic 60 1 4 0
2 George Parros 40 1 4 0
Penalty Kill - 3 Players Defense
Defense Defense Time % Phy DF OF
1 Brendon Nash Steve McCarthy 60 1 4 0
2 Kristopher Letang Brad Ference 40 1 4 0
4 vs 4 Forward
Center Wing Time % Phy DF OF
1 Joe Sakic Kris Versteeg 60 1 2 2
2 Scott Gomez Rene Bourque 40 1 2 2
4 vs 4 Defense
Defense Defense Time % Phy DF OF
1 Stephane Robidas Kristopher Letang 60 1 2 2
2 Brad Ference Steve McCarthy 40 1 2 2
Last Minutes Offensive
Center Left Wing Right Wing Defense Defense
Joe Sakic Kris Versteeg Rene Bourque Stephane Robidas Kristopher Letang
Last Minutes Defensive
Center Left Wing Right Wing Defense Defense
Joe Sakic Kris Versteeg Colby Armstrong Brad Ference Steve McCarthy
Goaltenders
Starting : Roberto Luongo
Backup : Jocelyn Thibault
Extra Forwards
Normal : George Parros, Jordan Staal, Daniel Carcillo - PP : George Parros, Jordan Staal - PK : Loui Eriksson
Extra Defensemen
Normal : Brad Ference, Kristopher Letang, Steve McCarthy - PP : Kristopher Letang - PK : Kristopher Letang, Steve McCarthy
Penalty Shots
Joe Sakic, Loui Eriksson, Kris Versteeg, Jordan Staal, Sergei Shirokov
% Time on Ice - Wild
Lines # - Real PCT - Wanted PCT - Time Play
Normal Forward
1 - 32% - 40% - 14:03
2 - 26% - 30% - 11:13
3 - 23% - 20% - 10:12
4 - 19% - 10% - 8:13
Normal Defense
1 - 38% - 40% - 16:43
2 - 34% - 30% - 14:44
3 - 25% - 20% - 10:55
4 - 3% - 10% - 1:19
PP Forward
1 - 56% - 60% - 3:26
2 - 44% - 40% - 2:41
PP Defense
1 - 60% - 60% - 3:40
2 - 40% - 40% - 2:27
PK Forward
1 - 72% - 60% - 5:08
2 - 28% - 40% - 1:59
PK Defense
1 - 62% - 60% - 4:23
2 - 38% - 40% - 2:44
PK3 Forward
1 - 0% - 60%
2 - 0% - 40%
PK3 Defense
1 - 0% - 60%
2 - 0% - 40%
44 Forward
1 - 70% - 60% - 1:17
2 - 30% - 40% - 0:33
44 Defense
1 - 100% - 60% - 1:50
2 - 0% - 40% - 0:00
Last Minute Offensive - 1:15
Last Minute Defensive - 0:00
Total
Forward - 60:00
Defense - 60:00
|
% Time on Ice - Blackhawks
Lines # - Real PCT - Wanted PCT - Time Play
Normal Forward
1 - 34% - 40% - 14:57
2 - 28% - 30% - 12:02
3 - 21% - 20% - 9:20
4 - 17% - 10% - 7:25
Normal Defense
1 - 35% - 40% - 15:06
2 - 34% - 30% - 15:04
3 - 29% - 20% - 12:38
4 - 2% - 10% - 0:56
PP Forward
1 - 59% - 60% - 4:13
2 - 41% - 40% - 2:54
PP Defense
1 - 61% - 60% - 4:21
2 - 39% - 40% - 2:46
PK Forward
1 - 71% - 60% - 4:21
2 - 29% - 40% - 1:46
PK Defense
1 - 61% - 60% - 3:43
2 - 39% - 40% - 2:24
PK3 Forward
1 - 0% - 60%
2 - 0% - 40%
PK3 Defense
1 - 0% - 60%
2 - 0% - 40%
44 Forward
1 - 70% - 60% - 1:17
2 - 30% - 40% - 0:33
44 Defense
1 - 77% - 60% - 1:25
2 - 23% - 40% - 0:25
Last Minute Offensive - 0:00
Last Minute Defensive - 1:12
Total
Forward - 60:00
Defense - 60:00
|
Play by Play
1st period
0:01 of 1st period - Joe Sakic wins face-off versus Chris Drury in neutral zone.
0:26 of 1st period - Steve McCarthy is hit by Alexei Kovalev and loses puck.
0:55 of 1st period - Icing by Mark Eaton.
0:56 of 1st period - Rod Brind'Amour wins face-off versus Chris Gratton in Wild zone.
0:56 of 1st period - Rod Brind'Amour is hit by Brad Ference.
1:08 of 1st period - Snap shot by Sergei Shirokov.
1:08 of 1st period - Stopped by Martin Brodeur without a rebound.
1:09 of 1st period - Joe Sakic wins face-off versus Glen Metropolit in Wild zone.
1:59 of 1st period - Snap shot by Scott Gomez.
1:59 of 1st period - Stopped by Martin Brodeur without a rebound.
2:00 of 1st period - Scott Gomez wins face-off versus Alexei Kovalev in Wild zone.
2:00 of 1st period - Minor Penalty to Mark Eaton for Hooking.
2:01 of 1st period - Rod Brind'Amour wins face-off versus Joe Sakic in Wild zone.
4:00 of 1st period - Penalty to Mark Eaton is over, Mark Eaton is back on ice.
4:05 of 1st period - Niclas Wallin is hit by Colby Armstrong and loses puck.
4:49 of 1st period - Icing by Vaclav Prospal.
4:50 of 1st period - Daniel Carcillo wins face-off versus Rod Brind'Amour in Wild zone.
4:57 of 1st period - Snap shot by George Parros.
4:57 of 1st period - Stopped by Martin Brodeur with a rebound.
5:05 of 1st period - Snap shot by Daniel Carcillo.
5:05 of 1st period - Stopped by Martin Brodeur without a rebound.
5:06 of 1st period - Vaclav Prospal wins face-off versus Joe Sakic in Wild zone.
5:25 of 1st period - Vaclav Prospal is hit by Christian Ehrhoff and loses puck.
6:04 of 1st period - Icing by Fedor Tyutin.
6:05 of 1st period - Jordan Staal wins face-off versus Rod Brind'Amour in Wild zone.
6:30 of 1st period - Rod Brind'Amour is hit by Kristopher Letang and loses puck.
6:35 of 1st period - Snap shot by Colby Armstrong.
6:35 of 1st period - Stopped by Martin Brodeur without a rebound.
6:36 of 1st period - Chris Drury wins face-off versus Joe Sakic in Wild zone.
7:39 of 1st period - Icing by Christian Ehrhoff.
7:40 of 1st period - Chris Gratton wins face-off versus Chris Drury in Blackhawks zone.
7:45 of 1st period - Wrist shot by Chris Drury.
7:45 of 1st period - Shot Blocked by Christian Ehrhoff.
7:47 of 1st period - Slapshot by Niclas Wallin.
7:47 of 1st period - Shot Blocked by Kristopher Letang.
7:49 of 1st period - Wrist shot by Shane Hnidy.
7:49 of 1st period - Stopped by Roberto Luongo without a rebound.
7:50 of 1st period - Chris Drury wins face-off versus Joe Sakic in Blackhawks zone.
8:05 of 1st period - Wrist shot by Chris Drury.
8:05 of 1st period - Stopped by Roberto Luongo without a rebound.
8:06 of 1st period - Scott Gomez wins face-off versus Vaclav Prospal in Blackhawks zone.
8:06 of 1st period - Scott Gomez is hit by Vaclav Prospal.
8:18 of 1st period - Wrist shot by Jozef Stumpel.
8:18 of 1st period - Stopped by Roberto Luongo without a rebound.
8:19 of 1st period - Joe Sakic wins face-off versus Vaclav Prospal in Blackhawks zone.
9:20 of 1st period - Hnat Domenichelli is hit by Glen Metropolit and loses puck.
10:18 of 1st period - Nathan Dempsey is hit by Chris Gratton and loses puck.
10:56 of 1st period - Backhand shot by Kristopher Letang.
10:56 of 1st period - Stopped by Martin Brodeur without a rebound.
10:57 of 1st period - Colby Armstrong wins face-off versus Chris Drury in Wild zone.
10:57 of 1st period - Colby Armstrong is hit by Shane Hnidy.
11:13 of 1st period - Snap shot by Anson Carter.
11:13 of 1st period - Shot Blocked by Stephane Robidas.
11:33 of 1st period - Snap shot by Kris Versteeg.
11:33 of 1st period - Shot Blocked by Shane Hnidy.
11:45 of 1st period - Scott Gomez is hit by Brian Rolston and loses puck.
12:49 of 1st period - Alexei Kovalev is hit by Colby Armstrong and loses puck.
12:56 of 1st period - Snap shot by Hnat Domenichelli.
12:56 of 1st period - Shot Blocked by Fedor Tyutin.
12:58 of 1st period - Slapshot by Brendon Nash.
12:58 of 1st period - Stopped by Martin Brodeur without a rebound.
12:59 of 1st period - Chris Drury wins face-off versus Joe Sakic in Wild zone.
13:24 of 1st period - Stephane Robidas is hit by Chris Higgins and loses puck.
14:28 of 1st period - Icing by Niclas Wallin.
14:29 of 1st period - Chris Drury wins face-off versus Chris Gratton in Wild zone.
14:40 of 1st period - Slapshot by Kristopher Letang.
14:40 of 1st period - Stopped by Martin Brodeur without a rebound.
14:41 of 1st period - Anson Carter wins face-off versus Joe Sakic in Wild zone.
15:06 of 1st period - Loui Eriksson is hit by Nathan Dempsey and loses puck.
15:13 of 1st period - Snap shot by Jozef Stumpel.
15:13 of 1st period - Shot Hit the Post.
15:34 of 1st period - Wrist shot by Rod Brind'Amour.
15:34 of 1st period - Stopped by Roberto Luongo with a rebound.
15:52 of 1st period - Slapshot by Steve McCarthy.
15:52 of 1st period - Shot Hit the Post.
16:33 of 1st period - Jozef Stumpel is hit by George Parros and loses puck.
16:56 of 1st period - Mike Green is hit by Colby Armstrong and loses puck.
17:35 of 1st period - Sergei Shirokov is hit by Glen Metropolit and loses puck.
17:58 of 1st period - Sergei Shirokov is hit by Alexei Kovalev and loses puck.
18:32 of 1st period - Off-side.
18:33 of 1st period - Rod Brind'Amour wins face-off versus Scott Gomez in neutral zone.
18:38 of 1st period - Slapshot by Mike Green.
18:38 of 1st period - Stopped by Roberto Luongo with a rebound.
18:58 of 1st period - Kris Versteeg is hit by Anson Carter.
19:06 of 1st period - Snap shot by Chris Drury.
19:06 of 1st period - Stopped by Roberto Luongo without a rebound.
19:07 of 1st period - Scott Gomez wins face-off versus Chris Drury in Blackhawks zone.
19:36 of 1st period - Snap shot by Jozef Stumpel.
19:36 of 1st period - Shot Blocked by Kris Versteeg.
19:38 of 1st period - Slapshot by Shane Hnidy.
19:38 of 1st period - Shot Blocked by Kris Versteeg.
2nd period
0:01 of 2nd period - Joe Sakic wins face-off versus Chris Drury in neutral zone.
0:08 of 2nd period - Wrist shot by Rene Bourque.
0:08 of 2nd period - Shot Misses the Net.
0:10 of 2nd period - Slapshot by Steve McCarthy.
0:10 of 2nd period - Stopped by Martin Brodeur without a rebound.
0:11 of 2nd period - Chris Drury wins face-off versus Kris Versteeg in Wild zone.
1:05 of 2nd period - Snap shot by Hnat Domenichelli.
1:05 of 2nd period - Stopped by Martin Brodeur without a rebound.
1:06 of 2nd period - Chris Drury wins face-off versus Joe Sakic in Wild zone.
1:17 of 2nd period - Wrist shot by Chris Drury.
1:17 of 2nd period - Stopped by Roberto Luongo without a rebound.
1:18 of 2nd period - Chris Drury wins face-off versus Joe Sakic in Blackhawks zone.
1:19 of 2nd period - Snap shot by R.J. Umberger.
1:19 of 2nd period - Shot Misses the Net.
1:22 of 2nd period - Minor Penalty to Stephane Robidas for Hooking.
1:23 of 2nd period - Chris Gratton wins face-off versus Chris Drury in Blackhawks zone.
1:49 of 2nd period - Colby Armstrong is hit by Anson Carter and loses puck.
2:30 of 2nd period - Fedor Tyutin is hit by Daniel Carcillo and loses puck.
3:22 of 2nd period - Penalty to Stephane Robidas is over, Stephane Robidas is back on ice.
3:29 of 2nd period - Snap shot by Brad Ference.
3:29 of 2nd period - Stopped by Martin Brodeur without a rebound.
3:30 of 2nd period - Rod Brind'Amour wins face-off versus Joe Sakic in Wild zone.
3:30 of 2nd period - Rod Brind'Amour is hit by Kris Versteeg.
3:48 of 2nd period - Rene Bourque is hit by Chris Higgins and loses puck.
3:54 of 2nd period - Icing by Joe Sakic.
3:55 of 2nd period - Joe Sakic wins face-off versus Glen Metropolit in Blackhawks zone.
4:06 of 2nd period - Slapshot by Nathan Dempsey.
4:06 of 2nd period - Shot Misses the Net.
4:46 of 2nd period - Wrist shot by Chris Gratton.
4:46 of 2nd period - Stopped by Martin Brodeur with a rebound.
4:48 of 2nd period - Slapshot by Stephane Robidas.
4:48 of 2nd period - Stopped by Martin Brodeur with a rebound.
4:50 of 2nd period - Wrist shot by Stephane Robidas.
4:50 of 2nd period - Shot Misses the Net.
5:28 of 2nd period - Backhand shot by Fredrik Modin.
5:28 of 2nd period - Shot Blocked by Brendon Nash.
5:30 of 2nd period - Wrist shot by Nathan Dempsey.
5:30 of 2nd period - Shot Blocked by Brendon Nash.
5:32 of 2nd period - Slapshot by Nathan Dempsey.
5:32 of 2nd period - Shot Blocked by Brad Ference.
5:34 of 2nd period - Snap shot by Glen Metropolit.
5:34 of 2nd period - Shot Misses the Net.
6:12 of 2nd period - Mark Eaton is hit by Christian Ehrhoff.
6:31 of 2nd period - Snap shot by Rod Brind'Amour.
6:31 of 2nd period - Deflect By Chris Higgins.
6:31 of 2nd period - Shot Misses the Net.
6:31 of 2nd period - Puck is out of play.
6:32 of 2nd period - Rod Brind'Amour wins face-off versus Jordan Staal in Blackhawks zone.
6:41 of 2nd period - Snap shot by Colby Armstrong.
6:41 of 2nd period - Deflect By Chris Higgins.
6:41 of 2nd period - Stopped by Martin Brodeur with a rebound.
6:43 of 2nd period - Slapshot by Steve McCarthy.
6:43 of 2nd period - Stopped by Martin Brodeur without a rebound.
6:44 of 2nd period - Joe Sakic wins face-off versus Chris Drury in Wild zone.
6:57 of 2nd period - Slapshot by Kris Versteeg.
6:57 of 2nd period - Goal by Kris Versteeg - Wild : 0 - Blackhawks : 1.
6:58 of 2nd period - Joe Sakic wins face-off versus Chris Drury in neutral zone.
7:01 of 2nd period - Slapshot by Rene Bourque.
7:01 of 2nd period - Shot Misses the Net.
7:03 of 2nd period - Wrist shot by Rene Bourque.
7:03 of 2nd period - Deflect By Chris Drury.
7:03 of 2nd period - Stopped by Martin Brodeur with a rebound.
7:05 of 2nd period - Slapshot by Kris Versteeg.
7:05 of 2nd period - Shot Misses the Net.
7:11 of 2nd period - Slapshot by Mike Green.
7:11 of 2nd period - Stopped by Roberto Luongo with a rebound.
7:33 of 2nd period - Wrist shot by Vaclav Prospal.
7:33 of 2nd period - Stopped by Roberto Luongo with a rebound.
8:28 of 2nd period - Snap shot by Chris Gratton.
8:28 of 2nd period - Shot Blocked by R.J. Umberger.
8:30 of 2nd period - Backhand shot by Brad Ference.
8:30 of 2nd period - Shot Misses the Net.
8:32 of 2nd period - Snap shot by Daniel Carcillo.
8:32 of 2nd period - Shot Blocked by R.J. Umberger.
8:34 of 2nd period - Snap shot by Sergei Shirokov.
8:34 of 2nd period - Stopped by Martin Brodeur without a rebound.
8:35 of 2nd period - Vaclav Prospal wins face-off versus Joe Sakic in Wild zone.
8:52 of 2nd period - Rene Bourque is hit by Vaclav Prospal and loses puck.
9:27 of 2nd period - Snap shot by Glen Metropolit.
9:27 of 2nd period - Shot Blocked by Brendon Nash.
9:57 of 2nd period - Snap shot by Brian Rolston.
9:57 of 2nd period - Stopped by Roberto Luongo with a rebound.
9:59 of 2nd period - Snap shot by Brian Rolston.
9:59 of 2nd period - Shot Misses the Net.
10:33 of 2nd period - Snap shot by Scott Gomez.
10:33 of 2nd period - Shot Misses the Net.
11:42 of 2nd period - Snap shot by Vaclav Prospal.
11:42 of 2nd period - Stopped by Roberto Luongo with a rebound.
12:05 of 2nd period - Backhand shot by Hnat Domenichelli.
12:05 of 2nd period - Shot Misses the Net.
12:13 of 2nd period - Vaclav Prospal is hit by Scott Gomez.
13:10 of 2nd period - Nathan Dempsey is hit by Rene Bourque.
13:19 of 2nd period - Major / Game Misconduct Penalty to R.J. Umberger for Unsportsmanlike conduct.
13:19 of 2nd period - R.J. Umberger is ejected from game.
13:20 of 2nd period - Joe Sakic wins face-off versus Rod Brind'Amour in Wild zone.
13:21 of 2nd period - Snap shot by Kris Versteeg.
13:21 of 2nd period - Stopped by Martin Brodeur without a rebound.
13:22 of 2nd period - Rod Brind'Amour wins face-off versus Joe Sakic in Wild zone.
13:35 of 2nd period - Slapshot by Joe Sakic.
13:35 of 2nd period - Goal by Joe Sakic - Wild : 0 - Blackhawks : 2.
13:36 of 2nd period - Rod Brind'Amour wins face-off versus Kris Versteeg in neutral zone.
13:51 of 2nd period - Snap shot by Kris Versteeg.
13:51 of 2nd period - Goal by Kris Versteeg - Wild : 0 - Blackhawks : 3.
13:52 of 2nd period - Joe Sakic wins face-off versus Rod Brind'Amour in neutral zone.
15:39 of 2nd period - Sergei Shirokov is hit by Brian Rolston and loses puck.
15:44 of 2nd period - Snap shot by Glen Metropolit.
15:44 of 2nd period - Shot Blocked by Stephane Robidas.
18:19 of 2nd period - Penalty to R.J. Umberger is over, Alexei Kovalev is send on ice.
18:31 of 2nd period - Sergei Shirokov is hit by Vaclav Prospal and loses puck.
18:49 of 2nd period - Minor Penalty to Nathan Dempsey for Interference.
18:50 of 2nd period - Joe Sakic wins face-off versus Rod Brind'Amour in Wild zone.
18:58 of 2nd period - Double Minor Penalty to Christian Ehrhoff for Slashing.
18:59 of 2nd period - Chris Drury wins face-off versus Joe Sakic in Blackhawks zone.
19:08 of 2nd period - Snap shot by Joe Sakic.
19:08 of 2nd period - Shot Misses the Net.
3rd period
0:01 of 3rd period - Chris Drury wins face-off versus Kris Versteeg in neutral zone.
0:04 of 3rd period - Kristopher Letang is hit by Vaclav Prospal.
0:49 of 3rd period - Penalty to Nathan Dempsey is over, Nathan Dempsey is back on ice.
1:04 of 3rd period - Snap shot by Alexei Kovalev.
1:04 of 3rd period - Shot Blocked by Steve McCarthy.
1:06 of 3rd period - Slapshot by Shane Hnidy.
1:06 of 3rd period - Stopped by Roberto Luongo without a rebound.
1:07 of 3rd period - Chris Gratton wins face-off versus Chris Drury in Blackhawks zone.
2:16 of 3rd period - Mike Green is hit by Jordan Staal and loses puck.
2:31 of 3rd period - Nathan Dempsey is hit by Daniel Carcillo and loses puck.
2:57 of 3rd period - Jordan Staal is hit by Shane Hnidy.
2:58 of 3rd period - Penalty to Christian Ehrhoff is over, Christian Ehrhoff is back on ice.
4:19 of 3rd period - Mike Green is hit by Colby Armstrong and loses puck.
4:30 of 3rd period - Christian Ehrhoff is hit by Nathan Dempsey.
4:42 of 3rd period - Snap shot by Glen Metropolit.
4:42 of 3rd period - Goal by Glen Metropolit - Wild : 1 - Blackhawks : 3.
4:43 of 3rd period - Chris Drury wins face-off versus Joe Sakic in neutral zone.
5:08 of 3rd period - Joe Sakic is hit by Fedor Tyutin and loses puck.
5:42 of 3rd period - Slapshot by Scott Gomez.
5:42 of 3rd period - Shot Blocked by Niclas Wallin.
6:02 of 3rd period - Slapshot by Daniel Carcillo.
6:02 of 3rd period - Shot Misses the Net.
6:21 of 3rd period - Icing by Jozef Stumpel.
6:22 of 3rd period - Vaclav Prospal wins face-off versus Scott Gomez in Wild zone.
6:45 of 3rd period - Anson Carter is hit by Joe Sakic.
6:56 of 3rd period - Icing by Kris Versteeg.
6:57 of 3rd period - Colby Armstrong wins face-off versus Rod Brind'Amour in Blackhawks zone.
7:10 of 3rd period - Slapshot by Brad Ference.
7:10 of 3rd period - Shot Misses the Net.
7:22 of 3rd period - Nathan Dempsey is hit by Brad Ference and loses puck.
7:29 of 3rd period - Slapshot by Mike Green.
7:29 of 3rd period - Stopped by Roberto Luongo with a rebound.
7:31 of 3rd period - Wrist shot by Anson Carter.
7:31 of 3rd period - Shot Misses the Net.
7:43 of 3rd period - Slapshot by Glen Metropolit.
7:43 of 3rd period - Deflect By Fredrik Modin.
7:43 of 3rd period - Stopped by Roberto Luongo without a rebound.
7:44 of 3rd period - Scott Gomez wins face-off versus Fredrik Modin in Blackhawks zone.
7:59 of 3rd period - Wrist shot by Scott Gomez.
7:59 of 3rd period - Shot Blocked by Fedor Tyutin.
8:13 of 3rd period - Wrist shot by Alexei Kovalev.
8:13 of 3rd period - Goal by Alexei Kovalev - Wild : 2 - Blackhawks : 3.
8:14 of 3rd period - Chris Drury wins face-off versus Joe Sakic in neutral zone.
8:17 of 3rd period - Rene Bourque is hit by Mike Green and loses puck.
8:28 of 3rd period - Snap shot by Kris Versteeg.
8:28 of 3rd period - Stopped by Martin Brodeur with a rebound.
8:30 of 3rd period - Slapshot by Kris Versteeg.
8:30 of 3rd period - Shot Misses the Net.
8:45 of 3rd period - Kristopher Letang is hit by Mike Green and loses puck.
10:16 of 3rd period - Snap shot by Colby Armstrong.
10:16 of 3rd period - Stopped by Martin Brodeur with a rebound.
10:29 of 3rd period - Icing by Brad Ference.
10:30 of 3rd period - Scott Gomez wins face-off versus Rod Brind'Amour in Blackhawks zone.
11:19 of 3rd period - Snap shot by Loui Eriksson.
11:19 of 3rd period - Shot Blocked by Mike Green.
11:27 of 3rd period - Snap shot by Chris Higgins.
11:27 of 3rd period - Stopped by Roberto Luongo without a rebound.
11:28 of 3rd period - Chris Drury wins face-off versus Kris Versteeg in Blackhawks zone.
11:28 of 3rd period - Minor Penalty to Joe Sakic for Holding.
11:29 of 3rd period - Chris Gratton wins face-off versus Chris Drury in Blackhawks zone.
13:05 of 3rd period - Christian Ehrhoff is hit by Chris Drury and loses puck.
13:16 of 3rd period - Mike Green is hit by Colby Armstrong and loses puck.
13:28 of 3rd period - Penalty to Joe Sakic is over, Joe Sakic is back on ice.
13:38 of 3rd period - Off-side.
13:39 of 3rd period - Glen Metropolit wins face-off versus Joe Sakic in neutral zone.
13:54 of 3rd period - Slapshot by Brad Ference.
13:54 of 3rd period - Stopped by Martin Brodeur without a rebound.
13:55 of 3rd period - George Parros wins face-off versus Rod Brind'Amour in Wild zone.
14:08 of 3rd period - Loui Eriksson is hit by Brian Rolston and loses puck.
14:48 of 3rd period - Wrist shot by Chris Gratton.
14:48 of 3rd period - Stopped by Martin Brodeur with a rebound.
14:50 of 3rd period - Wrist shot by Sergei Shirokov.
14:50 of 3rd period - Stopped by Martin Brodeur with a rebound.
14:52 of 3rd period - Snap shot by Daniel Carcillo.
14:52 of 3rd period - Shot Misses the Net.
14:54 of 3rd period - Slapshot by Chris Gratton.
14:54 of 3rd period - Shot Blocked by Niclas Wallin.
17:44 of 3rd period - Snap shot by Hnat Domenichelli.
17:44 of 3rd period - Shot Blocked by Nathan Dempsey.
17:46 of 3rd period - Slapshot by Steve McCarthy.
17:46 of 3rd period - Deflect By Alexei Kovalev.
17:46 of 3rd period - Stopped by Martin Brodeur with a rebound.
17:48 of 3rd period - Slapshot by Colby Armstrong.
17:48 of 3rd period - Shot Misses the Net.
18:26 of 3rd period - Anson Carter is hit by Stephane Robidas and loses puck.
18:57 of 3rd period - Wrist shot by Colby Armstrong.
18:57 of 3rd period - Stopped by Martin Brodeur without a rebound.
18:58 of 3rd period - Bob Hartley call a timeout for Wild.
18:58 of 3rd period - Daniel Carcillo wins face-off versus Chris Drury in Wild zone.
19:30 of 3rd period - Wrist shot by Colby Armstrong.
19:30 of 3rd period - Shot Misses the Net.
19:32 of 3rd period - Wrist shot by Brad Ference.
19:32 of 3rd period - Stopped by Martin Brodeur with a rebound.
19:40 of 3rd period - Colby Armstrong is hit by Chris Drury and loses puck.
19:49 of 3rd period - Wild, Martin Brodeur is pulled from the net.
19:53 of 3rd period - Snap shot by Mike Green.
19:53 of 3rd period - Stopped by Roberto Luongo with a rebound.
Output by the SimonT Hockey Simulator (STHS) for François Prévost -- Original Page W3C XHTML 1.0 Valid